TOP OF THE 1ST |
Spokane Trappers batting - Pitching for Vancouver Vipers : RHP Bill Hines
|
Pitching: RHP Bill Hines
|
|
Batting: LHB John Cotton
|
0-0: Called Strike 0-1: Ball 1-1: Ball 2-1: Foul Ball, location: 2F 2-2: Foul Ball, location: 2F 2-2: Ball 3-2: Strikes out looking
|
Batting: RHB Danny Crouch
|
0-0: Ball 1-0: Foul Ball, location: 2F 1-1: Swinging Strike 1-2: Strikes out swinging
|
Batting: LHB Lorenzo Flores
|
0-0: Foul Ball, location: 2F 0-1: Foul Ball, location: 2F 0-2: Ball 1-2: Ball 2-2: Fly out, F8 (Flyball, 8RD)
|
Top of the 1st over - 0 runs, 0 hits, 0 errors, 0 left on base; Spokane 0 - Vancouver 0 |
BOTTOM OF THE 1ST |
Vancouver Vipers batting - Pitching for Spokane Trappers : RHP Derek Simpson
|
Pitching: RHP Derek Simpson
|
|
Batting: RHB Jesús Hernández
|
0-0: Foul Ball, location: 2F 0-1: SINGLE (Groundball, 56D)
|
Batting: LHB Brian Ford
|
0-0: Called Strike 0-1: Ball 1-1: SINGLE (Groundball, 6MD) Jesús Hernández to second Runner from 2nd tries for 3rd, SAFE, no throw
|
Batting: RHB Marvin Workman
|
0-0: Ball 1-0: Grounds into double play, 1-4-3 (Groundball, 15S)
|
Batting: LHB Collin Smith
|
0-0: Foul Ball, location: 2F 0-1: Swinging Strike 0-2: Ball 1-2: Ball 2-2: Ball 3-2: SINGLE (Line Drive, 4M) Jesús Hernández scores
|
Batting: LHB Nick Gamble
|
0-0: Foul Ball, location: 2F 0-1: Ball 1-1: Ball 2-1: Foul Ball, location: 2F 2-2: Foul Ball, location: 2F 2-2: Foul Ball, location: 2F 2-2: SINGLE (Flyball, 78S) Collin Smith to second
|
Batting: LHB Jerry Johnston
|
0-0: Ball 1-0: Swinging Strike 1-1: Swinging Strike 1-2: Ground out 4-3 (Groundball, 4)
|
Bottom of the 1st over - 1 run, 4 hits, 0 errors, 2 left on base; Spokane 0 - Vancouver 1 |
TOP OF THE 2ND |
Spokane Trappers batting - Pitching for Vancouver Vipers : RHP Bill Hines
|
Batting: RHB José Herrera
|
0-0: Called Strike 0-1: Ball 1-1: Called Strike 1-2: Ball 2-2: Ball 3-2: Foul Ball, location: 2F 3-2: Strikes out looking
|
Batting: LHB Harry Pitts
|
0-0: Fly out, F6 (Popup, 6M)
|
Batting: LHB Sixto Cantú
|
0-0: Called Strike 0-1: Ball 1-1: Swinging Strike 1-2: SOLO HOME RUN (Line Drive, 9D), Distance : 441 ft
|
Batting: RHB Enrique Mendoza
|
0-0: Bunt missed! 0-1: Foul Ball, location: 2F 0-2: Fly out, F7 (Flyball, 78D)
|
Top of the 2nd over - 1 run, 1 hit, 0 errors, 0 left on base; Spokane 1 - Vancouver 1 |
BOTTOM OF THE 2ND |
Vancouver Vipers batting - Pitching for Spokane Trappers : RHP Derek Simpson
|
Batting: RHB Ben Alexander
|
0-0: SINGLE (Groundball, 34D)
|
Batting: RHB Salvador Medine
|
0-0: Called Strike 0-1: Foul Ball, location: 2F 0-2: SINGLE (Groundball, 4MD) Ben Alexander to second Runner from 2nd tries for 3rd, SAFE, throw made to third
|
Batting: RHB Axel Guimont
|
0-0: Ball 1-0: Called Strike 1-1: Fly out, F8 (Flyball, 8RXD) Runner from 3rd tags up, SCORES, no throw
|
Batting: RHB Jesús Hernández
|
0-0: Ball 1-0: Called Strike 1-1: Foul Ball, location: 2F 1-2: Strikes out looking
|
Batting: LHB Brian Ford
|
0-0: Ball 1-0: Ball 2-0: Swinging Strike 2-1: Swinging Strike 2-2: Foul Ball, location: 2F 2-2: SINGLE (Groundball, 34D) Salvador Medine to second Runner from 2nd tries for 3rd, OUT!
|
Bottom of the 2nd over - 1 run, 3 hits, 0 errors, 1 left on base; Spokane 1 - Vancouver 2 |
TOP OF THE 3RD |
Spokane Trappers batting - Pitching for Vancouver Vipers : RHP Bill Hines
|
Batting: RHB Andrew Good
|
0-0: Foul Ball, location: 2F 0-1: Fly out, F3 (Popup, 23F)
|
Batting: RHB Freddy Padilla
|
0-0: Ball 1-0: DOUBLE (Flyball, 8RD)
|
Batting: LHB John Cotton
|
0-0: Called Strike 0-1: Ball 1-1: Ball 2-1: Fly out, F8 (Flyball, 8LS)
|
Batting: RHB Danny Crouch
|
0-0: Ball 1-0: Called Strike 1-1: Ball 2-1: Foul Ball, location: 2F 2-2: Ground out 6-3 (Groundball, 6)
|
Top of the 3rd over - 0 runs, 1 hit, 0 errors, 1 left on base; Spokane 1 - Vancouver 2 |
BOTTOM OF THE 3RD |
Vancouver Vipers batting - Pitching for Spokane Trappers : RHP Derek Simpson
|
Batting: RHB Marvin Workman
|
0-0: Ball 1-0: Ball 2-0: Ball 3-0: Base on Balls
|
Batting: LHB Collin Smith
|
0-0: Called Strike 0-1: Ball 1-1: Ball 2-1: Fielders Choice at 2nd, 4-6 (Groundball, 4)
|
Batting: LHB Nick Gamble
|
0-0: Ball 1-0: Ball 2-0: SINGLE (Groundball, 3S) (infield hit) Collin Smith to second
|
Batting: LHB Jerry Johnston
|
0-0: Ball 1-0: Ball 2-0: Ball 3-0: Foul Ball, location: 2F 3-1: Called Strike 3-2: Foul Ball, location: 2F 3-2: Foul Ball, location: 2F 3-2: SINGLE (Groundball, 34D) Collin Smith to third Nick Gamble to second Runner from 3rd tries for Home, SAFE, throw made home
|
Now in RF: Juan Velásquez
|
|
Batting: RHB Ben Alexander
|
0-0: Foul Ball, location: 2F 0-1: Fly out, F5 (Line Drive, 56S)
|
Batting: RHB Salvador Medine
|
0-0: Called Strike 0-1: Called Strike 0-2: Ball 1-2: Ball 2-2: Ball 3-2: Fly out, F3 (Line Drive, 34S)
|
Bottom of the 3rd over - 1 run, 2 hits, 0 errors, 2 left on base; Spokane 1 - Vancouver 3 |
TOP OF THE 4TH |
Spokane Trappers batting - Pitching for Vancouver Vipers : RHP Bill Hines
|
Batting: LHB Lorenzo Flores
|
0-0: Foul Ball, location: 2F 0-1: Ball 1-1: Fly out, F4 (Line Drive, 4)
|
Batting: RHB José Herrera
|
0-0: Ball 1-0: Reached on error, E9 (Flyball, 9D)
|
Batting: LHB Harry Pitts
|
0-0: Ball 1-0: Ball 2-0: Foul Ball, location: 2F 2-1: Foul Ball, location: 2F 2-2: Strikes out looking
|
Batting: LHB Sixto Cantú
|
0-0: Called Strike 0-1: Ball 1-1: Fly out, F8 (Flyball, 8LS)
|
Top of the 4th over - 0 runs, 0 hits, 1 error, 1 left on base; Spokane 1 - Vancouver 3 |
BOTTOM OF THE 4TH |
Vancouver Vipers batting - Pitching for Spokane Trappers : RHP Derek Simpson
|
Batting: RHB Axel Guimont
|
0-0: SINGLE (Flyball, 8RM)
|
Batting: RHB Jesús Hernández
|
0-0: Ball 1-0: Foul Ball, location: 2F 1-1: Ball 2-1: Fielders Choice at 2nd, 6-4 (Groundball, 6M)
|
Batting: LHB Brian Ford
|
0-0: Ball Jesús Hernández steals 2nd base 1-0: Fly out, F7 (Flyball, 78M)
|
Batting: RHB Marvin Workman
|
0-0: Ball 1-0: Ball 2-0: Reached on error, E3 (Groundball, 34) Jesús Hernández scores
|
Batting: LHB Collin Smith
|
0-0: Ball 1-0: Ball 2-0: Fly out, F7 (Line Drive, 7D)
|
Bottom of the 4th over - 1 run, 1 hit, 1 error, 1 left on base; Spokane 1 - Vancouver 4 |
TOP OF THE 5TH |
Spokane Trappers batting - Pitching for Vancouver Vipers : RHP Bill Hines
|
Batting: RHB Juan Velásquez
|
0-0: Ball 1-0: Foul Ball, location: 2F 1-1: Called Strike 1-2: SINGLE (Groundball, 6MD)
|
Batting: RHB Andrew Good
|
0-0: Ball 1-0: Foul Ball, location: 2F 1-1: Fielders Choice at 2nd, 3-6 (Groundball, 34)
|
Batting: RHB Freddy Padilla
|
0-0: Called Strike 0-1: DOUBLE (Line Drive, 7D) Andrew Good to third
|
Batting: LHB John Cotton
|
0-0: Ground out 1-3 (Groundball, 13S)
|
Batting: RHB Danny Crouch
|
0-0: Ball 1-0: Called Strike 1-1: Ball 2-1: Ball 3-1: Called Strike 3-2: Strikes out swinging
|
Top of the 5th over - 0 runs, 2 hits, 0 errors, 2 left on base; Spokane 1 - Vancouver 4 |
BOTTOM OF THE 5TH |
Vancouver Vipers batting - Pitching for Spokane Trappers : RHP Derek Simpson
|
Batting: LHB Nick Gamble
|
0-0: Fly out, F3 (Popup, 3L)
|
Batting: LHB Jerry Johnston
|
0-0: Ball 1-0: Ball 2-0: Foul Ball, location: 2F 2-1: Ground out 1-3 (Groundball, 15S)
|
Batting: RHB Ben Alexander
|
0-0: Ball 1-0: Swinging Strike 1-1: Foul Ball, location: 2F 1-2: Ball 2-2: Ball 3-2: SINGLE (Groundball, 34S) (infield hit)
|
Pitching: LHP Pedro Mata
|
|
Batting: RHB Salvador Medine
|
0-0: Reached on error, E4 (Groundball, 4MD) Ben Alexander to second
|
Batting: RHB Axel Guimont
|
0-0: Foul Ball, location: 2F 0-1: Ball 1-1: Called Strike 1-2: SINGLE (Groundball, 6MD) Ben Alexander to third Salvador Medine to second Runner from 3rd tries for Home, SAFE, no throw
|
Batting: RHB Jesús Hernández
|
0-0: Called Strike 0-1: Reached via error on a dropped throw, E4 Salvador Medine to third Axel Guimont to second
|
Batting: LHB Brian Ford
|
0-0: Ball 1-0: Ball 2-0: Called Strike 2-1: Ball 3-1: Called Strike 3-2: Strikes out looking
|
Bottom of the 5th over - 1 run, 2 hits, 2 errors, 3 left on base; Spokane 1 - Vancouver 5 |
TOP OF THE 6TH |
Spokane Trappers batting - Pitching for Vancouver Vipers : RHP Bill Hines
|
Batting: LHB Lorenzo Flores
|
0-0: Ball 1-0: Called Strike 1-1: Hit by Pitch
|
Batting: RHB José Herrera
|
0-0: Ball 1-0: Ball 2-0: Ball 3-0: Called Strike 3-1: Base on Balls Lorenzo Flores to second
|
Batting: LHB Harry Pitts
|
0-0: Ball 1-0: Fly out, F4 (Line Drive, 4)
|
Batting: LHB Sixto Cantú
|
0-0: Ball 1-0: Ball 2-0: Swinging Strike 2-1: Foul Ball, location: 2F 2-2: Strikes out looking
|
Batting: RHB Juan Velásquez
|
0-0: Ball 1-0: Ball 2-0: Foul Ball, location: 2F 2-1: Fly out, F9 (Flyball, 89D)
|
Top of the 6th over - 0 runs, 0 hits, 0 errors, 2 left on base; Spokane 1 - Vancouver 5 |
BOTTOM OF THE 6TH |
Vancouver Vipers batting - Pitching for Spokane Trappers : LHP Pedro Mata
|
Batting: RHB Marvin Workman
|
0-0: Ball 1-0: Fly out, F8 (Flyball, 8RM)
|
Batting: LHB Collin Smith
|
0-0: Foul Ball, location: 2F 0-1: Ground out 4-3 (Groundball, 4M)
|
Batting: LHB Nick Gamble
|
0-0: Ball 1-0: SINGLE (Line Drive, 89S)
|
Batting: LHB Jerry Johnston
|
0-0: Called Strike 0-1: Swinging Strike 0-2: Ball 1-2: Strikes out looking
|
Bottom of the 6th over - 0 runs, 1 hit, 0 errors, 1 left on base; Spokane 1 - Vancouver 5 |
TOP OF THE 7TH |
Spokane Trappers batting - Pitching for Vancouver Vipers : RHP Bill Hines
|
Pitching: RHP Sergio Chávez
|
|
Batting: RHB Andrew Good
|
0-0: Foul Ball, location: 2F 0-1: Ball 1-1: Foul Ball, location: 2F 1-2: Strikes out swinging
|
Batting: RHB Freddy Padilla
|
0-0: Ball 1-0: Foul Ball, location: 2F 1-1: Foul Ball, location: 2F 1-2: Ball 2-2: Fly out, F8 (Flyball, 8RD)
|
Batting: LHB John Cotton
|
0-0: Called Strike 0-1: SINGLE (Groundball, 6MD)
|
Batting: RHB Danny Crouch
|
0-0: Called Strike 0-1: Ball 1-1: Called Strike 1-2: Foul Ball, location: 2F 1-2: Foul Ball, location: 2F 1-2: Strikes out looking
|
Top of the 7th over - 0 runs, 1 hit, 0 errors, 1 left on base; Spokane 1 - Vancouver 5 |
BOTTOM OF THE 7TH |
Vancouver Vipers batting - Pitching for Spokane Trappers : LHP Pedro Mata
|
Batting: RHB Ben Alexander
|
0-0: Ball 1-0: Fly out, F8 (Line Drive, 8RD)
|
Batting: RHB Salvador Medine
|
0-0: SINGLE (Groundball, 4M) (infield hit)
|
Batting: RHB Axel Guimont
|
0-0: Ball 1-0: Called Strike 1-1: Ball 2-1: Swinging Strike 2-2: SINGLE (Line Drive, 4D) Salvador Medine to second
|
Batting: RHB Jesús Hernández
|
0-0: Ball 1-0: Called Strike 1-1: Swinging Strike 1-2: Foul Ball, location: 2F 1-2: Foul Ball, location: 2F 1-2: Ball 2-2: Fly out, F8 (Flyball, 8LS)
|
Batting: LHB Brian Ford
|
0-0: Ball 1-0: Called Strike 1-1: Swinging Strike 1-2: Strikes out swinging
|
Bottom of the 7th over - 0 runs, 2 hits, 0 errors, 2 left on base; Spokane 1 - Vancouver 5 |
TOP OF THE 8TH |
Spokane Trappers batting - Pitching for Vancouver Vipers : RHP Sergio Chávez
|
Batting: LHB Lorenzo Flores
|
0-0: Called Strike 0-1: Foul Ball, location: 2F 0-2: SINGLE (Line Drive, 89M)
|
Batting: RHB José Herrera
|
0-0: Called Strike 0-1: Foul Ball, location: 2F 0-2: Ball 1-2: Ball 2-2: Strikes out swinging
|
Batting: LHB Harry Pitts
|
0-0: Ball 1-0: Ball 2-0: Called Strike 2-1: Ball 3-1: Swinging Strike 3-2: Base on Balls Lorenzo Flores to second
|
Batting: LHB Sixto Cantú
|
0-0: Called Strike 0-1: Ball 1-1: Grounds into double play, 4-6-3 (Groundball, 4)
|
Top of the 8th over - 0 runs, 1 hit, 0 errors, 1 left on base; Spokane 1 - Vancouver 5 |
BOTTOM OF THE 8TH |
Vancouver Vipers batting - Pitching for Spokane Trappers : LHP Pedro Mata
|
Batting: RHB Marvin Workman
|
0-0: Ball 1-0: Swinging Strike 1-1: Ball 2-1: Ball 3-1: Swinging Strike 3-2: Base on Balls
|
Pitching: RHP Rich Townsley
|
|
Batting: LHB Collin Smith
|
0-0: Ball 1-0: Foul Ball, location: 2F 1-1: Swinging Strike 1-2: Foul Ball, location: 2F 1-2: Strikes out looking
|
Batting: LHB Nick Gamble
|
0-0: Called Strike 0-1: Called Strike 0-2: Foul Ball, location: 2F 0-2: Ball 1-2: SINGLE (Groundball, 56) (infield hit) Marvin Workman to second
|
Batting: LHB Jerry Johnston
|
0-0: Ball 1-0: Ball 2-0: Ball 3-0: Base on Balls Marvin Workman to third Nick Gamble to second
|
Batting: RHB Ben Alexander
|
0-0: Swinging Strike 0-1: Swinging Strike 0-2: Foul Ball, location: 2F 0-2: Ball 1-2: Ball 2-2: Ball 3-2: Strikes out swinging
|
Batting: RHB Salvador Medine
|
0-0: Ball 1-0: Called Strike 1-1: Fielders Choice at 2nd, 5-4 (Groundball, 56)
|
Bottom of the 8th over - 0 runs, 1 hit, 0 errors, 3 left on base; Spokane 1 - Vancouver 5 |
TOP OF THE 9TH |
Spokane Trappers batting - Pitching for Vancouver Vipers : RHP Sergio Chávez
|
Pitching: RHP José González
|
|
Batting: RHB Juan Velásquez
|
0-0: Called Strike 0-1: Swinging Strike 0-2: Foul Ball, location: 2F 0-2: SINGLE (Groundball, 6MD)
|
Batting: RHB Andrew Good
|
0-0: Ball 1-0: Foul Ball, location: 2F 1-1: Foul Ball, location: 2F 1-2: Foul Ball, location: 2F 1-2: Strikes out swinging
|
Batting: RHB Freddy Padilla
|
0-0: Ball 1-0: Ball 2-0: Called Strike 2-1: Ball 3-1: Foul Ball, location: 2F 3-2: Ground out U3 (Groundball, 3) Juan Velásquez to second
|
Batting: LHB John Cotton
|
0-0: Fly out, F7 (Flyball, 7S)
|
Top of the 9th over - 0 runs, 1 hit, 0 errors, 1 left on base; Spokane 1 - Vancouver 5 |
|